General information
- name: BNet
- type: Ladder team game (AT/RT)
- host: Battle.net
- saver: ANGRY_KOREA_MAN
map: TranquilPaths
- players: 4
- length: 17:09
- speed: Fast
- version: 1.24 W3XP
- replay type: Public
» download(104 KB)
Players
team 1 (loser)
newbcake2 (
yellow | 65 APM | 1112 actions | 17:07)
4 Archmage
2 Blizzard
2 Brilliance Aura
» actions
| Assign group hotkey | 22 | |
| Basic commands | 20 | |
| Build / train | 54 | |
| ESC pressed | 1 | |
| Enter build submenu | 17 | |
| Enter hero's abilities submenu | 5 | |
| Give item / drop item | 1 | |
| Right click | 569 | |
| Select / deselect | 246 | |
| Select group hotkey | 125 | |
| Use ability | 52 | |
1112 total
» units
| Peasant | 5 | |
| Footman | 23 | |
| Gryphon Rider | 8 | |
36 total
» upgrades
» buildings
| Barracks | 2 | |
| Altar of Kings | 1 | |
| Farm | 6 | |
| Keep | 2 | |
| Castle | 2 | |
| Arcane Vault | 1 | |
| Lumber Mill | 1 | |
| Gryphon Aviary | 2 | |
| Blacksmith | 1 | |
18 total
» build order
00:08 Barracks
00:19 Altar of Kings
00:35 Farm
00:49 Farm
01:36 Farm
02:15 Barracks
03:13 Farm
03:55 Farm
06:04 Keep
06:05 Keep
08:27 Castle
08:57 Arcane Vault
08:59 Lumber Mill
09:56 Gryphon Aviary
09:59 Gryphon Aviary
10:25 Farm
16:20 Blacksmith
» items
| Scroll of Regeneration | 3 | |
| Boots of Speed | 1 | |
| Potion of Lesser Invulnerability | 1 | |
| Staff of Teleportation | 1 | |
6 total
newbcake3 (
purple | 74 APM | 1243 actions | 16:49)
4 Mountain King
2 Storm Bolt
2 Bash
» actions
| Assign group hotkey | 35 | |
| Basic commands | 19 | |
| Build / train | 55 | |
| ESC pressed | 2 | |
| Enter build submenu | 38 | |
| Enter hero's abilities submenu | 4 | |
| Remove unit from queue | 4 | |
| Right click | 557 | |
| Select / deselect | 277 | |
| Select group hotkey | 191 | |
| Use ability | 61 | |
1243 total
» units
| Peasant | 9 | |
| Footman | 18 | |
| Sorceress | 2 | |
| Knight | 2 | |
31 total
» upgrades
| Defend | 1 | |
| Masonry | 2 | |
| Swords | 1 | |
| Plating | 0 | |
| Lumber Harvesting | 1 | |
| Sorceress Training | 1 | |
6 total
» buildings
| Barracks | 2 | |
| Altar of Kings | 1 | |
| Farm | 7 | |
| Scout Tower | 19 | |
| Lumber Mill | 1 | |
| Keep | 1 | |
| Guard Tower | 4 | |
| Blacksmith | 1 | |
| Arcane Sanctum | 1 | |
| Castle | 1 | |
38 total
» build order
00:09 Barracks
00:16 Altar of Kings
00:33 Farm
00:49 Farm
01:42 Farm
02:07 Barracks
02:41 Farm
03:03 Farm
05:43 Scout Tower
05:45 Scout Tower
05:48 Lumber Mill
06:11 Scout Tower
06:14 Scout Tower
08:20 Keep
09:32 Guard Tower
11:01 Blacksmith
11:25 Arcane Sanctum
12:26 Scout Tower
12:26 Scout Tower
12:27 Scout Tower
12:56 Castle
13:01 Farm
13:04 Farm
13:21 Scout Tower
13:23 Scout Tower
13:24 Scout Tower
13:26 Guard Tower
14:44 Scout Tower
14:47 Scout Tower
14:48 Scout Tower
15:18 Guard Tower
15:20 Scout Tower
15:21 Scout Tower
15:21 Scout Tower
15:54 Guard Tower
15:57 Scout Tower
15:58 Scout Tower
16:00 Scout Tower
» items
| Scroll of Town Portal | 1 | |
| Staff of Teleportation | 1 | |
| Boots of Speed | 1 | |
3 total
team 2 (winner)
ANGRY_KOREA_MAN (
teal | 91 APM | 1556 actions | 17:09)
4 Blood Mage
2 Flame Strike
2 Siphon Mana
3 Archmage
2 Blizzard
1 Brilliance Aura
» actions
| Assign group hotkey | 11 | |
| Basic commands | 172 | |
| Build / train | 69 | |
| ESC pressed | 2 | |
| Enter build submenu | 14 | |
| Enter hero's abilities submenu | 8 | |
| Remove unit from queue | 2 | |
| Right click | 721 | |
| Select / deselect | 448 | |
| Select group hotkey | 23 | |
| Use ability | 86 | |
1556 total
» units
» upgrades
| Masonry | 1 | |
| Lumber Harvesting | 1 | |
2 total
» buildings
| Lumber Mill | 1 | |
| Farm | 2 | |
| Altar of Kings | 1 | |
| Scout Tower | 9 | |
| Guard Tower | 10 | |
| Keep | 1 | |
| Arcane Vault | 1 | |
| Blacksmith | 1 | |
| Arcane Tower | 1 | |
27 total
» build order
00:20 Lumber Mill
00:36 Farm
00:51 Altar of Kings
01:04 Farm
01:42 Scout Tower
01:44 Scout Tower
02:07 Guard Tower
02:08 Guard Tower
02:08 Guard Tower
02:10 Guard Tower
02:10 Guard Tower
02:10 Guard Tower
02:27 Scout Tower
02:59 Guard Tower
03:36 Keep
03:40 Arcane Vault
04:08 Blacksmith
10:58 Scout Tower
11:00 Scout Tower
11:01 Scout Tower
11:01 Scout Tower
11:48 Guard Tower
13:00 Arcane Tower
14:58 Scout Tower
15:00 Scout Tower
15:26 Guard Tower
» items

»
KARNWIELD (
red | 222 APM | 3810 actions | 17:08)
5 Mountain King
3 Storm Bolt
2 Bash
» actions
| Assign group hotkey | 98 | |
| Basic commands | 73 | |
| Build / train | 64 | |
| ESC pressed | 2 | |
| Enter build submenu | 23 | |
| Enter hero's abilities submenu | 5 | |
| Give item / drop item | 2 | |
| Right click | 1318 | |
| Select / deselect | 302 | |
| Select group hotkey | 1816 | |
| Use ability | 107 | |
3810 total
» units
| Peasant | 19 | |
| Footman | 9 | |
| Priest | 2 | |
| Sorceress | 1 | |
| Spell Breaker | 5 | |
| Dragonhawk Rider | 5 | |
41 total
» upgrades
| Priest Training | 1 | |
| Sorceress Training | 1 | |
| Masonry | 1 | |
3 total
» buildings
| Lumber Mill | 1 | |
| Altar of Kings | 1 | |
| Farm | 9 | |
| Scout Tower | 3 | |
| Barracks | 1 | |
| Guard Tower | 2 | |
| Keep | 2 | |
| Arcane Vault | 1 | |
| Arcane Sanctum | 2 | |
| Gryphon Aviary | 2 | |
| Town Hall | 1 | |
25 total
» build order
00:05 Lumber Mill
00:33 Altar of Kings
00:49 Farm
00:56 Scout Tower
01:04 Barracks
01:28 Farm
01:32 Scout Tower
02:02 Guard Tower
02:10 Farm
02:17 Scout Tower
02:56 Keep
02:57 Keep
03:37 Guard Tower
03:40 Arcane Vault
04:29 Farm
05:33 Arcane Sanctum
05:35 Arcane Sanctum
08:30 Farm
09:38 Farm
09:39 Farm
11:19 Gryphon Aviary
11:20 Gryphon Aviary
13:09 Farm
13:11 Farm
13:29 Town Hall
» items
| Boots of Speed | 1 | |
| Staff of Teleportation | 1 | |
| Scroll of Regeneration | 1 | |
| Lesser Clarity Potion | 1 | |
| Scroll of Town Portal | 3 | |
| Potion of Healing | 1 | |
| Potion of Lesser Invulnerability | 1 | |
9 total
Chat log
(05:43 / All) newbcake2: easy game
(16:54 / All) KARNWIELD: easy game